Get step-by-step instructions on how to execute this build order below. Start the game timer, and the build order will tick by so you can play in parallel with StarCraft on a second screen or mobile device.

Game Time

  0:00

Last Step

  N/A

Next Step

Upcoming Step



Don't want to look back and forth between 2 screens? Try out our Overwolf App, the Spawning Tool Build Advisor to get an in-game overlay with this build!

Complete Build Order

  12  0:00  SCV  
  13  0:12  SCV  
  14  0:17  Supply Depot  
  14  0:24  SCV  
  14  0:27  Refinery  
  15  0:38  SCV  
  16  0:45  Barracks  
  16  0:50  SCV  
  16  0:55  Refinery  
  17  1:03  SCV  
  18  1:15  SCV  
  19  1:32  Orbital Command, Reaper  
  20  1:36  Factory  
  20  1:44  Supply Depot  
  20  1:58  SCV  
  21  2:05  Reaper  
  22  2:10  SCV  
  23  2:18  Command Center  
  23  2:22  SCV  
  24  2:27  Hellion  
  26  2:34  SCV  
  27  2:37  Reaper  
  27  2:38  Supply Depot  
  28  2:47  SCV  
  28  2:48  Hellion  
  31  2:55  Starport  
  31  3:00  SCV  
  32  3:10  Cyclone  
  32  3:12  Barracks Reactor, SCV  
  35  3:19  Refinery  
  35  3:24  SCV  
  31  3:42  Starport Tech Lab, SCV  
  31  3:43  Orbital Command  
  31  3:45  Factory Tech Lab  
  32  3:49  Marine x2  
  32  3:54  SCV  
  35  4:02  Raven, Interference Matrix  
  37  4:04  Siege Tank  
  37  4:06  SCV  
  37  4:08  SCV  
  37  4:09  Marine x2  
  44  4:11  Supply Depot  
  44  4:19  SCV  
  44  4:20  SCV  
  46  4:31  Marine x2, SCV  
  47  4:33  SCV  
  47  4:37  Raven, Siege Tank  
  47  4:38  Supply Depot  
  55  4:43  SCV  
  55  4:45  SCV  
  57  4:54  Command Center  
  57  4:55  SCV  
  57  4:57  SCV  
  57  4:58  Marine  
  57  4:59  Marine  
  61  5:05  Supply Depot  
  61  5:07  SCV  
  61  5:09  SCV  
  61  5:12  Raven  
  61  5:13  Siege Tank  
  66  5:18  Marine x2  
  66  5:19  SCV  
  70  5:21  SCV  
  70  5:22  Supply Depot  
  70  5:35  SCV x2  
  72  5:42  Refinery  
  73  5:43  Barracks  
  73  5:44  Barracks  
  73  5:45  Siege Tank, Supply Depot  
  73  5:48  SCV  
  73  5:49  SCV  
  77  5:57  Viking x2, Stimpack  
  77  5:58  Marine  
  77  6:00  SCV  
  77  6:01  SCV  
  84  6:08  Orbital Command, Supply Depot  
  84  6:13  SCV x2  
  84  6:18  Siege Tank  
  84  6:31  Viking x2  
  80  6:35  SCV  
  80  6:39  Orbital Command, Barracks Reactor x2  
  81  6:43  Marine  
  81  6:44  SCV, Engineering Bay  
  81  6:45  Engineering Bay  
  83  6:47  SCV  
  84  6:55  Siege Tank  
  84  6:56  SCV  
  84  6:57  Barracks x2  
  84  7:01  Marine, SCV  
  89  7:04  SCV  
  91  7:08  SCV  
  91  7:11  Terran Infantry Weapons Level 1, Terran Infantry Armor Level 1  
  92  7:17  SCV x2  
  92  7:22  SCV  
  95  7:24  Command Center  
  95  7:29  Siege Tank, SCV  
  99  7:33  Viking  
  99  7:34  SCV x2  
  103  7:39  Supply Depot x2  
  103  7:40  Combat Shield  
  103  7:41  SCV  
  104  7:45  Refinery x2  
  104  7:46  SCV x2  
  104  7:48  Barracks Reactor x2  
  106  7:53  Marine x3  
  106  7:54  SCV  
  106  7:55  Viking  
  112  8:01  SCV, Supply Depot  
  112  8:02  SCV  
  112  8:03  Supply Depot  
  114  8:06  Armory  
  114  8:08  Marine  
  114  8:09  Marine  
  114  8:11  Marine  
  117  8:14  Siege Tank, Marine x2  
  117  8:18  SCV x3  
  125  8:21  Medivac  
  125  8:23  Supply Depot  
  125  8:25  Marine x2  
  125  8:26  Medivac, Supply Depot  
  130  8:27  Marine x2  
  130  8:31  Supply Depot  
  130  8:32  Marine x2  
  134  8:36  SCV x2  
  134  8:37  SCV  
  134  8:38  Sensor Tower, Marine  
  134  8:39  Marine x2  
  140  8:43  Marine  
  140  8:46  Marine x2  
  140  8:47  Siege Tank, Missile Turret  
  146  8:48  SCV  
  146  8:49  SCV  
  146  8:50  Missile Turret, SCV  
  146  8:51  Marine  
  149  8:56  Planetary Fortress  
  149  8:59  Marine  
  149  9:00  SCV  
  149  9:01  Marine x5  
  156  9:06  Marine x2  
  156  9:08  Medivac x2  
  156  9:09  Marine  
  163  9:17  Marine, SCV  
  163  9:18  Marine  
  163  9:19  Marine x3  
  163  9:24  Marine x2  
  171  9:26  Marine  
  171  9:30  Supply Depot x2  
  173  9:35  Factory, Marine  
  173  9:36  Marine x4  
  177  9:41  Marine  
  176  9:47  Barracks Reactor